 Dungeon Crawl Stone Soup version 0.22.1-2-g9c5b331 (webtiles) character file.

55 Haldmier the Ruffian (level 3, 0/31 HPs)
             Began as a Naga Transmuter on Nov 24, 2018.
             Slain by a gnoll
             ... wielding a +0 club
              (6 damage)
             ... on level 2 of the Dungeon.
             The game lasted 00:04:51 (1423 turns).

Haldmier the Ruffian (Naga Transmuter)              Turns: 1423, Time: 00:04:52

Health: 0/31       AC:  2    Str: 12    XL:     3   Next: 93%
Magic:  1/6        EV: 10    Int: 14    God:
Gold:   70         SH:  0    Dex: 11    Spells: 0/6 levels left

rFire    . . .     SeeInvis +     - Unarmed
rCold    . . .     Gourm    .   (no shield)
rNeg     . . .     Faith    .   b - +0 robe
rPois    +         Spirit   .   (no helmet)
rElec    .         Reflect  .   (no cloak)
rCorr    .         Harm     .   (no gloves)
MR       .....                  (no barding)
Stlth    ++........             (no amulet)
HPRegen  0.10/turn              (no ring)
MPRegen  0.10/turn              (no ring)

@: appendage, very slightly contaminated, very slow
A: large, horns 2, see invisible, deformed body, poison resistance, slowness 2,
slow metabolism 1, spit poison 1, AC +1
a: Spit Poison, End Transformation


You were on level 2 of the Dungeon.
You were hungry.
You had grown temporary horns.
You visited 1 branch of the dungeon, and saw 2 of its levels.

You collected 70 gold pieces.

Inventory:

Missiles
 a - 30 arrows
 f - 35 stones (quivered)
 l - 2 javelins
Armour
 b - a +0 robe (worn)
Jewellery
 h - an uncursed amulet of regeneration {unknown}
Scrolls
 e - 2 scrolls of fear {unknown}
 i - 3 scrolls of identify {unknown}
 k - a scroll of enchant armour {unknown}
Potions
 c - a potion of heal wounds {unknown}
 g - a potion of berserk rage {unknown}
 j - a potion of might {unknown}
Comestibles
 d - 2 rations


   Skills:
 + Level 1.4 Fighting
 + Level 1.8 Dodging
 + Level 1.6 Stealth
 * Level 3.5 Unarmed Combat
 + Level 2.2 Spellcasting
 * Level 2.6 Transmutations
 + Level 0.4 Poison Magic


You couldn't memorise any spells.
You knew the following spells:

 Your Spells              Type           Power        Failure   Level  Hunger
a - Beastly Appendage     Tmut           #.....       8%          1    #......
b - Sticks to Snakes      Tmut           #.......     12%         2    ###....
c - Spider Form           Tmut/Pois      #.........   36%         3    ###....

Your spell library contained the following spells:

 Spells                   Type           Power        Failure   Level  Hunger
 Ice Form                 Ice/Tmut       #.......     80%         4    #####..
 Blade Hands              Tmut           #.........   91%         5    ######.


Dungeon Overview and Level Annotations

Branches:
Dungeon (2/15)

Altars:


Innate Abilities, Weirdness & Mutations

You cannot wear boots.
Your serpentine skin is tough. (AC +1)
You have supernaturally acute eyesight. (SInv)
Armour fits poorly on your strangely shaped body.
Your system is resistant to poisons. (rPois)
You cover ground very slowly.
You have a slow metabolism.
You can spit poison.
You have a pair of horns on your head.


Message History

You hit the gnoll.
You kill the gnoll!
Casting: Sticks to Snakes (safe; 12% risk of failure)
Confirm with . or Enter, or press ? or * to list all spells.
You grow a pair of large bovine horns.
A gnoll comes into view. It is wielding a club.
You barely miss the gnoll. The gnoll closely misses you.
The gnoll shouts!
You hit the gnoll.
The gnoll is moderately wounded.
The gnoll hits you with a spear!
You hit the gnoll.
The gnoll is heavily wounded.
The gnoll hits you with a spear!
* * * LOW HITPOINT WARNING * * *
You hit the gnoll. You headbutt the gnoll.
You kill the gnoll!
You closely miss the gnoll. The gnoll misses you.
You barely miss the gnoll. The gnoll hits you with a club.
You die...

#.......#
#.###.### #
#.# #.# #.#.#
#.#
#####.#.###.#
..>...g.....#
#?......##
#.##.##)#
#...gg@.#
#..#.##.#
#..#.##.# #.
.....# ##
#.#### #.#


You could see 2 gnolls.

Vanquished Creatures
  2 gnolls (D:2)
  3 dart slugs (D:1)
  2 giant cockroaches (D:1)
  5 goblins (D:1)
  3 hobgoblins (D:1)
  5 bats (D:1)
  2 frilled lizards (D:1)
  3 kobolds (D:1)
  4 rats
29 creatures vanquished.

Notes
Turn   | Place    | Note
-------+----------+-------------------------------------------
     0 | D:1      | Haldmier the Naga Transmuter began the quest for the Orb.
     0 | D:1      | Reached XP level 1. HP: 18/18 MP: 3/3
   452 | D:1      | Reached XP level 2. HP: 25/25 MP: 3/5
   528 | D:1      | Reached skill level 1 in Stealth
   911 | D:1      | Reached XP level 3. HP: 31/31 MP: 4/6
  1369 | D:2      | Learned a level 2 spell: Sticks to Snakes
  1373 | D:2      | Learned a level 3 spell: Spider Form
  1423 | D:2      | Slain by a gnoll

Skill      XL: |  1  2 |
---------------+-------+-----
Stealth        | 1 |  1.6
Fighting       | |  1.4
Dodging        | |  1.8
Unarmed Combat | |  3.5
Spellcasting   | |  2.2
Transmutations | |  2.6
Poison Magic   | |  0.4

Action                   || total
-------------------------++-------
Melee: Unarmed           ||    78
       Headbutt          ||     6
Throw: Stone             ||     2
 Cast: Beastly Appendage ||    15
       Sticks to Snakes  ||     1
 Abil: Spit Poison       ||     6
 Stab: Sleeping          ||     1
  Eat: Chunk             ||     1
Armor: Robe              ||    15
Dodge: Dodged            ||    45
